[Event "Titled Tuesday Blitz October 11 Late 2022"]
[White "Jean Louis, Marckens"]
[Black "Principe, Gerson"]
[WhiteFideId "11900270"]
[BlackFideId "3804550"]
[WhiteElo "2030"]
[BlackElo "2280"]
[Result "1/2-1/2"]
[Round "04"]
[TimeControl "180+1"]
[Date "2022.10.12"]
[WhiteClock "0:01:20"]
[BlackClock "0:00:24"]

1. d4 Nf6 2. c4 e6 3. Nc3 Bb4 4. Qc2 d5 5. cxd5 exd5 6. Bg5 Nbd7 7. e3 c5 8. Nf3 Qa5 9. Bd3 c4 10. Bf5 Bxc3+ 11. bxc3 O-O 12. O-O Re8 13. Rfb1 Ne4 14. Bxe4 dxe4 15. Ne5 Nxe5 16. dxe5 Qxe5 17. Bf4 Qa5 18. a4 a6 19. h3 Qf5 20. a5 Rd8 21. Qa4 Bd7 22. Qxc4 Bb5 23. Qc7 Rd7 24. Qb6 Rc8 25. Rd1 h6 26. Rxd7 Qxd7 27. Be5 Rc6 28. Qa7 Rg6 29. Qb8+ Kh7 30. Bg3 Bc6 31. Qe5 Qe6 1/2-1/2


[Site "https://www.chess.com"]

[Event "Titled Tuesday Blitz October 11 Late 2022"]
[White "Jensen, Matthew R"]
[Black "Diaz Rosas, Julio Cesar"]
[WhiteFideId "2018110"]
[BlackFideId "5105099"]
[WhiteElo "2313"]
[BlackElo "2246"]
[Result "0-1"]
[Round "04"]
[TimeControl "180+1"]
[Date "2022.10.12"]
[WhiteClock "0:00:21"]
[BlackClock "0:00:50"]

1. d4 Nf6 2. c4 g6 3. Nc3 d5 4. Bd2 c5 5. cxd5 Nxd5 6. dxc5 Bg7 7. Nf3 O-O 8. e4 Nxc3 9. Bxc3 Bxc3+ 10. bxc3 Qa5 11. Qb3 Nc6 12. Be2 Be6 13. Qc2 Qxc5 14. O-O Rac8 15. Rac1 Bg4 16. Rfd1 Bxf3 17. Bxf3 e6 18. Qb3 b6 19. Be2 Rfd8 20. h4 h5 21. g4 hxg4 22. Bxg4 Kg7 23. Kg2 Qe5 24. f3 Qf4 25. Qc2 Ne5 26. Qe2 Rxd1 27. Rxd1 Rxc3 28. Qb2 Qe3 29. h5 Nxg4 30. fxg4 Qxe4+ 31. Kf2 Qf3+ 32. Ke1 Qg3+ 33. Kd2 Qe3# 0-1


[Site "https://www.chess.com"]

[Event "Titled Tuesday Blitz October 11 Late 2022"]
[White "Jimenez, Joaquin"]
[Black "Gilmanov, Mansur"]
[WhiteFideId "109860"]
[BlackFideId "4166868"]
[WhiteElo "2411"]
[BlackElo "2583"]
[Result "0-1"]
[Round "04"]
[TimeControl "180+1"]
[Date "2022.10.12"]
[WhiteClock "0:00:35"]
[BlackClock "0:00:11"]

1. e4 d5 2. exd5 Qxd5 3. d4 c5 4. Nf3 cxd4 5. Qxd4 Qxd4 6. Nxd4 a6 7. Bc4 e5 8. Nf3 Nc6 9. Nc3 Bg4 10. Be3 Bb4 11. O-O-O Bxc3 12. bxc3 Bxf3 13. gxf3 Nge7 14. Rhe1 Rd8 15. Bc5 Rxd1+ 16. Kxd1 f6 17. f4 exf4 18. Bd5 Kd7 19. Bxe7 Nxe7 20. Bxb7 a5 21. Be4 g5 22. Kd2 h5 23. Rb1 Rd8 24. Rb5 f5 25. Bd3 Ke6 26. Rxa5 g4 27. Ra6+ Ke5 28. Ra5+ Kf6 29. c4 h4 30. Ra6+ Kg5 31. Re6 Ng6 32. c5 g3 33. fxg3 fxg3 34. hxg3 hxg3 35. Ke1 Rh8 36. c6 Rh1+ 37. Kd2 Nf4 38. Re3 Kg4 39. c7 Rh2+ 40. Kc1 g2 41. c8=Q g1=Q+ 42. Kb2 Qxe3 43. Qg8+ Kf3 44. Qa8+ Kg3 45. Qg8+ Kf2 46. Qf7 Ke1 47. Kb3 Nxd3 48. cxd3 f4 49. Qc7 Re2 50. Qc3+ Qd2 51. Qc4 Qxa2+ 52. Kb4 Qxc4+ 0-1


[Site "https://www.chess.com"]

[Event "Titled Tuesday Blitz October 11 Late 2022"]
[White "Jobava, Baadur"]
[Black "Suleymanli, Aydin"]
[WhiteFideId "13601520"]
[BlackFideId "13413937"]
[WhiteElo "2582"]
[BlackElo "2481"]
[Result "1-0"]
[Round "04"]
[TimeControl "180+1"]
[Date "2022.10.11"]
[WhiteClock "0:00:43"]
[BlackClock "0:00:03"]

1. e4 Nf6 2. e5 Nd5 3. Nc3 e6 4. Nf3 d6 5. Nxd5 exd5 6. d4 Bg4 7. Be2 Nc6 8. O-O Be7 9. h3 Be6 10. Bf4 O-O 11. Re1 f6 12. exf6 Bxf6 13. Qd2 Bf5 14. c3 Kh8 15. Bd3 Qd7 16. Bg5 Bxg5 17. Nxg5 h6 18. Bxf5 Rxf5 19. Ne6 Qf7 20. Re3 Rg8 21. Rae1 g5 22. Qe2 Rg6 23. f3 Rff6 24. b4 a6 25. a4 h5 26. b5 axb5 27. axb5 Na5 28. Nd8 Qg8 29. Re7 Rg7 30. Rxg7 Kxg7 31. Ne6+ Kg6 32. Nxc7 Nc4 33. Qd3+ Kh6 34. Re7 g4 35. fxg4 hxg4 36. Nxd5 Qxd5 37. Rh7+ Kg5 38. h4+ Kf4 39. g3# 1-0


[Site "https://www.chess.com"]

[Event "Titled Tuesday Blitz October 11 Late 2022"]
[White "Joubert, Dantelle"]
[Black "Polanco Nunez, Yoel Estarling"]
[WhiteFideId "14310813"]
[BlackFideId "6401783"]
[WhiteElo "1507"]
[BlackElo "2132"]
[Result "1-0"]
[Round "04"]
[TimeControl "180+1"]
[Date "2022.10.12"]
[WhiteClock "0:00:09"]
[BlackClock "0:00:24"]

1. d4 Nf6 2. c4 e6 3. Nf3 d5 4. Nc3 c6 5. e3 Nbd7 6. Be2 Be7 7. O-O O-O 8. b3 b6 9. Bb2 Bb7 10. Qc2 Rc8 11. e4 dxe4 12. Nxe4 c5 13. Nxf6+ Nxf6 14. dxc5 bxc5 15. Rad1 Qb6 16. Qc3 Be4 17. Ne5 Rfd8 18. Rfe1 Qb7 19. Bf1 Ne8 20. Qe3 Bg6 21. Nxg6 hxg6 22. Be2 Nd6 23. Bg4 Nf5 24. Bxf5 Rxd1 25. Rxd1 gxf5 26. Qg3 f6 27. h4 Rd8 28. Rxd8+ Bxd8 29. Qe3 Qc6 30. h5 Be7 31. h6 g5 32. Qh3 Qe8 33. Qe3 Qf7 34. Ba3 f4 35. Qe4 f5 36. Qc6 Kh7 37. Bxc5 Bxc5 38. Qxc5 Kxh6 39. Qc6 Kh5 40. Qd6 f3 41. gxf3 g4 42. fxg4+ fxg4 43. Qe5+ Kg6 44. c5 Qd7 45. Qd6 Qxd6 46. cxd6 Kf6 47. Kg2 e5 48. Kg3 Ke6 49. Kxg4 Kxd6 50. Kf5 Kd5 51. a3 a5 52. b4 a4 53. f3 Kd4 54. Ke6 e4 55. fxe4 Kxe4 56. b5 Kd4 57. b6 Kc4 58. b7 Kb3 59. b8=Q+ Kxa3 60. Qb5 Ka2 61. Qxa4+ Kb1 62. Qb3+ Ka1 63. Qd3 Kb2 64. Qc4 1-0


[Site "https://www.chess.com"]

[Event "Titled Tuesday Blitz October 11 Late 2022"]
[White "Kaganskiy, Gleb"]
[Black "Bilan, Danila"]
[WhiteFideId "4132025"]
[BlackFideId "24161918"]
[WhiteElo "2165"]
[BlackElo "2203"]
[Result "1/2-1/2"]
[Round "04"]
[TimeControl "180+1"]
[Date "2022.10.12"]
[WhiteClock "0:00:15"]
[BlackClock "0:00:08"]

1. e4 c6 2. c4 d5 3. exd5 cxd5 4. cxd5 Nf6 5. Qa4+ Nbd7 6. Nc3 g6 7. Bc4 Bg7 8. d3 O-O 9. Nf3 a6 10. Qa3 Nb6 11. Qb3 Nxc4 12. dxc4 b5 13. O-O bxc4 14. Qxc4 Bb7 15. Rd1 Rc8 16. Qb3 Qc7 17. Be3 Ng4 18. Bb6 Qb8 19. h3 Ne5 20. Nxe5 Bxe5 21. Bd4 Bf4 22. Rd3 Rfd8 23. Rad1 a5 24. Bb6 Bc7 25. Bxc7 Qxc7 26. Qa4 Qc4 27. Rd4 Qa6 28. Qb5 Qxb5 29. Nxb5 Rc2 30. d6 exd6 31. Nxd6 Rxb2 32. Nxb7 Rxd4 33. Rxd4 Rxb7 34. Ra4 Rb5 35. h4 h5 36. g3 Kg7 37. Kg2 Kf6 38. Kf3 Ke5 39. Ke3 Kd5 40. Rd4+ Ke5 41. Re4+ Kf5 42. Rf4+ Ke6 43. Re4+ Kd6 44. Rd4+ Ke5 45. Re4+ Kd5 46. Rd4+ Ke6 47. Re4+ Kf6 48. Rf4+ Rf5 49. Rxf5+ Kxf5 50. f3 Ke5 51. a4 f6 52. Kd3 Kd5 53. Kc3 Kc5 54. g4 f5 55. gxh5 gxh5 56. f4 Kd5 57. Kd3 Kc5 58. Kc3 Kd5 59. Kd3 Kc5 60. Kc3 1/2-1/2


[Site "https://www.chess.com"]

[Event "Titled Tuesday Blitz October 11 Late 2022"]
[White "Kamsky, Gata"]
[Black "Duda, Jan-Krzysztof"]
[WhiteFideId "2000024"]
[BlackFideId "1170546"]
[WhiteElo "2666"]
[BlackElo "2779"]
[Result "1/2-1/2"]
[Round "04"]
[TimeControl "180+1"]
[Date "2022.10.11"]
[WhiteClock "0:02:51"]
[BlackClock "0:02:45"]

1. d4 Nf6 2. Bf4 c5 3. e3 Qb6 4. Na3 Qxb2 5. Nb5 Nd5 6. Rb1 Qxa2 7. Ra1 Qb2 8. Rb1 Qa2 9. Ra1 Qb2 10. Rb1 Qa2 1/2-1/2


[Site "https://www.chess.com"]

[Event "Titled Tuesday Blitz October 11 Late 2022"]
[White "Kavutskiy, Konstantin"]
[Black "Krstic, Milos"]
[WhiteFideId "2026384"]
[BlackFideId "954888"]
[WhiteElo "2338"]
[BlackElo "2194"]
[Result "0-1"]
[Round "04"]
[TimeControl "180+1"]
[Date "2022.10.12"]
[WhiteClock "0:00:58"]
[BlackClock "0:00:46"]

1. d3 e5 2. Nf3 Nc6 3. g3 d5 4. Bg2 Be6 5. Nc3 f6 6. e4 d4 7. Ne2 Bd6 8. c3 dxc3 9. bxc3 Bf7 10. O-O Nge7 11. d4 O-O 12. d5 Nb8 13. c4 Nd7 14. a4 Nc5 15. Nd2 a5 16. Nb3 b6 17. Ba3 Nb7 18. c5 Nxc5 19. Nxc5 Bxc5 20. Bxc5 bxc5 21. Rc1 c6 22. d6 Nc8 23. d7 Nb6 24. Bh3 Qe7 25. Rb1 Nc4 26. Nc1 Rfd8 27. Qd3 Be6 28. Bxe6+ Qxe6 29. Rd1 Ra7 30. Rb8 Rxb8 31. d8=Q+ Rxd8 32. Qxd8+ Kf7 33. Nb3 Qe7 34. Qh8 Rd7 35. Rc1 Kg6 36. Qc8 Nd2 37. Nxc5 Rc7 38. Qg4+ Kf7 39. Qh5+ Kg8 40. Rb1 Nxb1 0-1


[Site "https://www.chess.com"]

[Event "Titled Tuesday Blitz October 11 Late 2022"]
[White "Keymer, Vincent"]
[Black "Eisa Mohmood, Alkhoori"]
[WhiteFideId "12940690"]
[BlackFideId "9316116"]
[WhiteElo "2950"]
[BlackElo "2260"]
[Result "1-0"]
[Round "04"]
[TimeControl "180+1"]
[Date "2022.10.12"]
[WhiteClock "0:00:02"]
[BlackClock "0:00:01"]

1. a3 a5 2. e4 e5 3. Nf3 Nc6 4. Bc4 Bc5 5. c3 d6 6. d4 Bb6 7. dxe5 dxe5 8. Qxd8+ Nxd8 9. Nxe5 Nf6 10. Nd2 O-O 11. f3 Re8 12. Nd3 Be6 13. Bxe6 Nxe6 14. Nc4 Nd7 15. Be3 f5 16. Bxb6 Nxb6 17. Nxb6 cxb6 18. e5 Nc5 19. O-O-O Nxd3+ 20. Rxd3 Rxe5 21. Rd7 Re2 22. Rxb7 Rxg2 23. Rxb6 Rf2 24. Rb7 Rxf3 25. Rg1 g6 26. Rd1 Re8 27. Rd2 Rf1+ 28. Kc2 f4 29. Kb3 f3 30. Rdd7 h5 31. Rg7+ Kh8 32. Rh7+ Kg8 33. Rbg7+ Kf8 34. Rf7+ Kg8 35. Rhg7+ Kh8 36. Rxg6 Rb8+ 37. Ka4 f2 38. b3 Rc1 39. Rxf2 Rxc3 40. b4 axb4 41. axb4 Rc4 42. Rb2 Rh4 43. Rc6 Kh7 44. Ka5 Rg4 45. b5 Rg1 46. Rc4 Ra1+ 47. Kb4 1-0


[Site "https://www.chess.com"]

[Event "Titled Tuesday Blitz October 11 Late 2022"]
[White "Kislinsky, Alexey"]
[Black "Sohal, Tanraj"]
[WhiteFideId "14108801"]
[BlackFideId "2608499"]
[WhiteElo "2721"]
[BlackElo "2489"]
[Result "0-1"]
[Round "04"]
[TimeControl "180+1"]
[Date "2022.10.12"]
[WhiteClock "0:00:16"]
[BlackClock "0:00:08"]

1. e4 Nf6 2. Nc3 e5 3. d4 d6 4. Nf3 Nbd7 5. Bc4 Be7 6. g4 O-O 7. g5 Nh5 8. Rg1 g6 9. Be3 a6 10. Be2 Nf4 11. Bxf4 exf4 12. Qd2 c5 13. O-O-O cxd4 14. Qxd4 Nc5 15. Nd5 Be6 16. Kb1 Rc8 17. Nxf4 Qa5 18. Nd5 Bxd5 19. exd5 Rfe8 20. Nd2 Bf8 21. Bg4 Rcd8 22. Nb3 Nxb3 23. axb3 Bg7 24. Qc4 Qb6 25. f4 Qf2 26. h3 b5 27. Qf1 Qe3 28. Qf3 Qc5 29. Rge1 Qb4 30. Rxe8+ Rxe8 31. f5 Be5 32. Rf1 Re7 33. h4 Qd4 34. c3 Qd2 35. fxg6 hxg6 36. h5 b4 37. hxg6 bxc3 38. gxf7+ Kf8 39. Qf2 c2+ 40. Ka2 c1=Q 41. Rxc1 Qxc1 42. Qe2 Rxf7 43. g6 Rf6 44. Be6 Qxb2+ 45. Qxb2 Bxb2 46. Kxb2 Rxg6 47. Ka3 Ke7 48. Ka4 Rg3 49. b4 Rc3 50. Ka5 Ra3+ 51. Kb6 Kf6 52. b5 axb5 53. Kxb5 Ke5 54. Kc6 Rc3+ 55. Kd7 Rc5 56. Ke7 Rxd5 57. Kd7 Rd4 58. Ke7 Re4 59. Kd7 Rf4 0-1


[Site "https://www.chess.com"]

[Event "Titled Tuesday Blitz October 11 Late 2022"]
[White "Koellner, Ruben Gideon"]
[Black "miragha_yev"]
[WhiteFideId "12993093"]
[WhiteElo "2303"]
[BlackElo "2784"]
[Result "1-0"]
[Round "04"]
[TimeControl "180+1"]
[Date "2022.10.11"]
[WhiteClock "0:00:25"]
[BlackClock "0:00:19"]

1. d4 d5 2. Nf3 a6 3. Nbd2 Nf6 4. e3 Bf5 5. Ne5 Nbd7 6. g4 Nxe5 7. gxf5 Ned7 8. Bd3 c5 9. c3 cxd4 10. exd4 e5 11. fxe6 fxe6 12. Nf3 Bd6 13. Qe2 Qe7 14. Be3 O-O 15. O-O-O b5 16. Kb1 b4 17. c4 dxc4 18. Bxc4 Nb6 19. Bb3 Nfd5 20. Bc1 a5 21. Bc2 a4 22. Ng5 g6 23. Nxh7 a3 24. Nxf8 axb2 25. Bxb2 Kxf8 26. Bxg6 Qa7 27. Qf3+ Kg7 28. Rdg1 Qxa2+ 29. Kc1 Rc8+ 30. Bc2+ Kh8 31. Qh5# 1-0


[Site "https://www.chess.com"]

[Event "Titled Tuesday Blitz October 11 Late 2022"]
[White "Kollars, Dmitrij"]
[Black "Bortnyk, Olexandr"]
[WhiteFideId "12909572"]
[BlackFideId "14120828"]
[WhiteElo "2584"]
[BlackElo "2723"]
[Result "1-0"]
[Round "04"]
[TimeControl "180+1"]
[Date "2022.10.11"]
[WhiteClock "0:00:38"]
[BlackClock "0:00:51"]

1. Nf3 d6 2. e4 Nf6 3. Nc3 e5 4. d4 Nbd7 5. Bc4 Be7 6. O-O c6 7. a4 h6 8. Re1 Qc7 9. a5 Nf8 10. d5 Ng6 11. h3 O-O 12. Be3 Bd7 13. Nd2 Kh7 14. a6 b5 15. dxc6 bxc4 16. cxd7 Nxd7 17. Qe2 Rfc8 18. Ra4 Nb6 19. Bxb6 Qxb6 20. Nxc4 Qc6 21. g3 Rab8 22. b3 Nf8 23. Nd5 Bd8 24. Qf3 Kg8 25. Qe3 Ne6 26. Qxa7 Nc5 27. Raa1 Ra8 28. Qe7 Rxa6 29. Rxa6 Nxa6 30. Nxd6 Kh7 31. Qxe5 Rb8 32. Qf5+ Kh8 33. Nxf7+ Kg8 34. Nxd8 Qxc2 35. Ne7+ 1-0


[Site "https://www.chess.com"]

[Event "Titled Tuesday Blitz October 11 Late 2022"]
[White "Korchmar, Vasiliy"]
[Black "Zierk, Steven"]
[WhiteFideId "24131750"]
[BlackFideId "2034255"]
[WhiteElo "2370"]
[BlackElo "2494"]
[Result "0-1"]
[Round "04"]
[TimeControl "180+1"]
[Date "2022.10.11"]
[WhiteClock "0:00:32"]
[BlackClock "0:01:22"]

1. e4 c6 2. d4 d5 3. e5 Bf5 4. c4 e6 5. Nc3 Bb4 6. Ne2 dxc4 7. Ng3 Bg6 8. Bxc4 Ne7 9. O-O Nd7 10. Nce4 Nb6 11. Bb3 Ned5 12. Bg5 Qc7 13. a3 Bf8 14. f4 h6 15. Bh4 Ne3 16. Qf3 Nxf1 17. Rxf1 Qd7 18. f5 exf5 19. Nxf5 Bxf5 20. Qxf5 Qxf5 21. Rxf5 Nd5 22. Nc3 g5 23. Bxd5 cxd5 24. Nxd5 O-O-O 25. Nc3 gxh4 26. d5 Bc5+ 27. Kf1 Bd4 28. d6 Bxc3 29. bxc3 Rhe8 30. Kf2 f6 31. exf6 Rxd6 0-1


[Site "https://www.chess.com"]

[Event "Titled Tuesday Blitz October 11 Late 2022"]
[White "Kouskoutis, Georgios-Alexandros"]
[Black "Grinev, Valeriy"]
[WhiteFideId "4234049"]
[BlackFideId "14117517"]
[WhiteElo "2549"]
[BlackElo "2730"]
[Result "1/2-1/2"]
[Round "04"]
[TimeControl "180+1"]
[Date "2022.10.12"]
[WhiteClock "0:00:03"]
[BlackClock "0:00:12"]

1. c4 c5 2. g3 g6 3. Bg2 Bg7 4. Nc3 Nc6 5. e4 d6 6. Nge2 e6 7. Rb1 Nge7 8. a3 a5 9. d3 Rb8 10. Be3 Nd4 11. b4 axb4 12. axb4 b6 13. O-O Bd7 14. f4 O-O 15. Bf2 Nec6 16. b5 Nxe2+ 17. Nxe2 Nd4 18. Nxd4 cxd4 19. Ra1 Ra8 20. Qb3 e5 21. Qb4 Qc7 22. fxe5 dxe5 23. h3 Rfc8 24. g4 Bf8 25. Qb2 Be7 26. Bg3 Qc5 27. Kh2 Bg5 28. Qf2 Be6 29. h4 Be3 30. Qf3 h6 31. Qf6 Bf4 32. Bxf4 exf4 33. g5 hxg5 34. hxg5 Rxa1 35. Rxa1 Qc7 36. Bf3 Qd8 37. Qxd8+ Rxd8 38. Ra6 Rb8 39. Kg2 Kg7 40. Kf2 f6 41. gxf6+ Kxf6 42. Be2 g5 43. Bf3 g4 44. Bd1 Ke5 45. Bb3 Bf7 46. Ra7 g3+ 47. Kg2 Be6 48. Re7 Kd6 49. Rh7 Ra8 50. Rh6 Ke7 51. Rxe6+ Kxe6 52. c5+ Ke5 53. cxb6 Rb8 54. Bd5 Rxb6 55. Bc6 Kd6 56. Kf3 Kc5 57. e5 Rb8 58. Kxf4 Rxb5 59. Bg2 Rb2 60. Kxg3 Re2 61. Be4 Kb6 62. Kf4 Kc7 63. e6 Re3 64. Ke5 Kd8 65. Kxd4 Re1 66. Ke5 Ke7 67. d4 Rg1 68. d5 Rd1 69. Bf5 Re1+ 70. Be4 Rd1 71. Bf5 Rd2 72. Be4 Rd1 1/2-1/2


[Site "https://www.chess.com"]

[Event "Titled Tuesday Blitz October 11 Late 2022"]
[White "Kravtsiv, Martyn"]
[Black "Czernek, Tymon"]
[WhiteFideId "14113147"]
[BlackFideId "1199510"]
[WhiteElo "2694"]
[BlackElo "2240"]
[Result "1/2-1/2"]
[Round "04"]
[TimeControl "180+1"]
[Date "2022.10.11"]
[WhiteClock "0:00:10"]
[BlackClock "0:00:21"]

1. e4 c5 2. Nf3 d6 3. Bb5+ Nd7 4. d4 cxd4 5. Qxd4 e5 6. Qd3 h6 7. c4 Nf6 8. Nc3 Be7 9. Be3 O-O 10. O-O a6 11. Bxd7 Bxd7 12. h3 Rc8 13. a4 Be6 14. Nd2 Nd7 15. b4 Nb6 16. Nd5 Nxd5 17. cxd5 Bd7 18. f3 f5 19. b5 axb5 20. axb5 Bg5 21. Bxg5 hxg5 22. Rab1 g4 23. fxg4 fxg4 24. Rxf8+ Qxf8 25. hxg4 Bxg4 26. Nc4 Qf6 27. Rf1 Qg6 28. b6 Bd7 29. Na5 Bb5 30. Qxb5 Rc2 31. Rf2 Rc1+ 32. Rf1 Rc2 33. Rf2 Rc1+ 34. Rf1 Rc2 1/2-1/2


[Site "https://www.chess.com"]

[Event "Titled Tuesday Blitz October 11 Late 2022"]
[White "Krishnan, Varun"]
[Black "Indjic, Aleksandar"]
[WhiteFideId "5054508"]
[BlackFideId "911925"]
[WhiteElo "2629"]
[BlackElo "2592"]
[Result "0-1"]
[Round "04"]
[TimeControl "180+1"]
[Date "2022.10.11"]
[WhiteClock "0:00:04"]
[BlackClock "0:00:06"]

1. e4 d5 2. exd5 Qxd5 3. Nc3 Qd6 4. d4 Nf6 5. Nf3 a6 6. g3 Bg4 7. Bg2 c6 8. O-O e6 9. Bf4 Qd8 10. Qd2 Bxf3 11. Bxf3 Bd6 12. Rad1 Bxf4 13. Qxf4 Nbd7 14. h4 O-O 15. h5 h6 16. Rfe1 Re8 17. Ne4 Nxe4 18. Bxe4 Rc8 19. Bd3 Qc7 20. Qh4 Nf6 21. Kg2 Rcd8 22. c3 Rd7 23. Re5 Qb6 24. b3 Rd5 25. Rde1 Red8 26. g4 Rxe5 27. Rxe5 Nd7 28. Re3 Qa5 29. b4 Qg5 30. Qg3 Nf6 31. Be2 Qd5+ 32. Bf3 Qd6 33. Qh4 Nh7 34. Re5 Ng5 35. Rxg5 hxg5 36. Qxg5 f6 37. Qg6 Qf4 38. Be2 Qg5 39. Qxg5 fxg5 40. Bc4 Kf7 41. Kf3 Ke7 42. Ke4 Rf8 43. f3 Kd6 44. Bd3 a5 45. b5 c5 46. Ke3 cxd4+ 47. cxd4 Rc8 48. f4 gxf4+ 49. Kxf4 Rc3 50. Be4 b6 51. Kg5 Ke7 52. Kg6 Kf8 53. d5 Rc4 54. Bf3 exd5 55. g5 d4 56. h6 gxh6 57. gxh6 Rc2 58. Bh5 Rg2+ 59. Kf6 Rh2 60. Kg6 d3 61. h7 Rxh5 62. Kxh5 Kg7 63. Kg4 d2 64. Kf3 d1=Q+ 0-1


[Site "https://www.chess.com"]

[Event "Titled Tuesday Blitz October 11 Late 2022"]
[White "Levitskiy, Andrey"]
[Black "Banzea, Alexandru-Bogdan"]
[WhiteFideId "14132885"]
[BlackFideId "1232622"]
[WhiteElo "2705"]
[BlackElo "2464"]
[Result "1-0"]
[Round "04"]
[TimeControl "180+1"]
[Date "2022.10.12"]
[WhiteClock "0:00:29"]
[BlackClock "0:01:12"]

1. e4 c5 2. Nf3 a6 3. c3 d5 4. exd5 Qxd5 5. d4 Nf6 6. Be3 cxd4 7. cxd4 e6 8. Nc3 Qd6 9. Bd3 Nc6 10. O-O Be7 11. Rc1 O-O 12. a3 Rd8 13. Qc2 e5 14. dxe5 Qxd3 15. exf6 Qxc2 16. Rxc2 Bxf6 17. Ne4 Be7 18. Bb6 Re8 19. Re1 Be6 20. Nc5 Bxc5 21. Bxc5 f6 22. Rd2 Bg4 23. Re3 Bxf3 24. gxf3 Rxe3 25. fxe3 Rd8 26. Rxd8+ Nxd8 27. e4 g5 28. Be7 Ne6 29. Bxf6 Kf7 30. Be5 Nc5 31. Kg2 Nd3 32. Bc3 Ke6 33. Kg3 h5 34. h4 gxh4+ 35. Kxh4 Nf4 36. Kg5 1-0


[Site "https://www.chess.com"]

[Event "Titled Tuesday Blitz October 11 Late 2022"]
[White "Lopez Perdomo, Juan David"]
[Black "Balkum, Alexander"]
[WhiteFideId "4405137"]
[BlackFideId "2005069"]
[WhiteElo "1965"]
[BlackElo "2345"]
[Result "0-1"]
[Round "04"]
[TimeControl "180+1"]
[Date "2022.10.12"]
[WhiteClock "0:00:01"]
[BlackClock "0:00:37"]

1. e4 c5 2. d4 cxd4 3. c3 g6 4. cxd4 d5 5. f3 Bg7 6. e5 Nc6 7. Be3 f6 8. f4 Nh6 9. h3 fxe5 10. fxe5 O-O 11. Nf3 Bf5 12. Bd3 Bxd3 13. Qxd3 Qb6 14. Nc3 Qxb2 15. O-O Nb4 16. Qd2 Qxd2 17. Bxd2 Nf5 18. a3 Nc2 19. Nxd5 Nxa1 20. Rxa1 Rfd8 21. Nc7 Nxd4 22. Nxd4 Rxd4 23. Nxa8 Rxd2 24. Re1 Rc2 25. Rc1 Rxc1+ 0-1


[Site "https://www.chess.com"]

[Event "Titled Tuesday Blitz October 11 Late 2022"]
[White "Luxama, Jacques Muller"]
[Black "Rodriguez Santiago, Jaime"]
[WhiteFideId "11900113"]
[BlackFideId "3100898"]
[WhiteElo "1931"]
[BlackElo "2025"]
[Result "0-1"]
[Round "04"]
[TimeControl "180+1"]
[Date "2022.10.12"]
[WhiteClock "0:00:02"]
[BlackClock "0:00:19"]

1. e4 g6 2. d4 d6 3. Nf3 Bg7 4. h3 Nf6 5. Nc3 c6 6. a4 O-O 7. Be2 Nbd7 8. e5 Nd5 9. exd6 e6 10. O-O Nxc3 11. bxc3 Nb6 12. a5 Nd5 13. Qe1 Re8 14. c4 Nf6 15. c5 Nd7 16. c3 e5 17. Be3 h6 18. Qd2 Kh7 19. Bc4 f5 20. dxe5 Nxe5 21. Nxe5 Bxe5 22. Bxh6 Qf6 23. Bg5 Qg7 24. Rad1 Bd7 25. Rc1 Bf6 26. Rfe1 Rxe1+ 27. Rxe1 Re8 28. Bxf6 Rxe1+ 29. Qxe1 Qxf6 30. Qe3 Kg7 31. Qd4 g5 32. g3 Kg6 33. Qxf6+ Kxf6 34. f4 gxf4 35. gxf4 Kg6 36. Kg2 Kh5 37. Kg3 a6 38. Bf7+ Kh6 39. h4 Kg7 40. Bc4 Kf6 41. h5 Kg7 42. Kf3 Kh6 43. Bf7 Kg7 44. Bg6 Kh6 45. Ke3 Kg7 46. Kd4 Kf6 47. Bh7 Be6 48. h6 Bd7 49. Bxf5 Bxf5 50. h7 Bxh7 51. d7 Ke7 52. Ke5 Kxd7 53. f5 Ke7 54. f6+ Kf7 55. Kd6 Bd3 56. Kc7 Bb5 57. Kxb7 Kxf6 58. c4 Bxc4 59. Kxc6 Ke7 60. Kc7 Bb5 61. c6 Ke6 62. Kb7 Kd6 63. c7 Bc6+ 64. Kb8 Bd7 65. Kb7 Kc5 0-1


[Site "https://www.chess.com"]

[Event "Titled Tuesday Blitz October 11 Late 2022"]
[White "Maksimovic, Bojan"]
[Black "Nakamura, Hikaru"]
[WhiteFideId "14408120"]
[BlackFideId "2016192"]
[WhiteElo "2447"]
[BlackElo "2909"]
[Result "0-1"]
[Round "04"]
[TimeControl "180+1"]
[Date "2022.10.11"]
[WhiteClock "0:00:01"]
[BlackClock "0:01:38"]

1. d4 f5 2. Bg5 c6 3. Nc3 Nf6 4. Bxf6 exf6 5. e3 Qb6 6. Rb1 d5 7. Bd3 g6 8. h4 h5 9. Nge2 Be6 10. a3 Bd6 11. g3 Nd7 12. Nf4 Bf7 13. Kf1 Qd8 14. Qd2 Qe7 15. Nce2 Nb6 16. c3 a5 17. Kg1 a4 18. Qc2 Nc4 19. Rd1 b5 20. Kf1 Kd8 21. Ng2 Kc7 22. Nef4 Qd7 23. Be2 Bf8 24. Nd3 Bh6 25. Nb4 Rhe8 26. Kg1 Qd6 27. Rh3 Re7 28. Bd3 Be8 29. Re1 Nb6 30. Re2 Bd7 31. Nf4 Rg8 32. Rh2 g5 33. Nxh5 f4 34. exf4 gxf4 35. Rxe7 Qxe7 36. Qe2 Qd6 37. Qd2 fxg3 38. Qxh6 gxh2+ 0-1


[Site "https://www.chess.com"]

[Event "Titled Tuesday Blitz October 11 Late 2022"]
[White "Mamedov, Rauf"]
[Black "Urazayev, Arystanbek"]
[WhiteFideId "13401653"]
[BlackFideId "13709810"]
[WhiteElo "2650"]
[BlackElo "2441"]
[Result "1-0"]
[Round "04"]
[TimeControl "180+1"]
[Date "2022.10.11"]
[WhiteClock "0:00:21"]
[BlackClock "0:00:03"]

1. e4 c6 2. Ne2 d5 3. e5 c5 4. d4 cxd4 5. c3 Nc6 6. cxd4 Bf5 7. Nbc3 e6 8. Ng3 Bg6 9. Be3 Nge7 10. h4 Nf5 11. Nxf5 Bxf5 12. g4 Be4 13. f3 Be7 14. fxe4 Bxh4+ 15. Ke2 Bg5 16. exd5 exd5 17. Qd2 Bxe3 18. Qxe3 Qb6 19. Rd1 O-O-O 20. Bg2 Rhe8 21. Kf2 Nxe5 22. dxe5 d4 23. Qe4 dxc3+ 24. Qe3 Qxb2+ 25. Kg3 c2 26. Rc1 Rxe5 27. Rxc2+ Qxc2 28. Qxe5 f6 29. Qf4 Qc3+ 30. Bf3 g5 31. Qc1 Qxc1 32. Rxc1+ Kb8 33. Be4 h6 34. Rh1 Rh8 35. Kf3 b5 36. Bg6 Kc7 37. Re1 Kd6 38. Bf5 Kc5 39. Re6 h5 40. Rxf6 hxg4+ 41. Kxg4 Rh4+ 42. Kxg5 Ra4 43. Be6 a5 44. Rf5+ Kd6 45. Bg8 Rb4 46. Kf6 Rb2 47. Rd5+ Kc6 48. Rg5 a4 49. Bf7 b4 50. Be8+ Kb6 51. Bxa4 Rxa2 52. Be8 Ra5 53. Rg4 Kc5 54. Bf7 Ra6+ 55. Ke5 Rb6 56. Bb3 Ra6 57. Rc4+ Kb5 58. Kd5 Ra3 59. Rc5+ Kb6 60. Bc4 Rc3 61. Rb5+ Kc7 62. Rxb4 Rg3 63. Kc5 Kd7 64. Rb7+ Ke8 65. Kd6 Kf8 66. Rf7+ Ke8 67. Rf5 Re3 68. Bb5+ Kd8 69. Rf8+ Re8 70. Bxe8 1-0


[Site "https://www.chess.com"]

[Event "Titled Tuesday Blitz October 11 Late 2022"]
[White "Martin Carmona, Gaston Manuel"]
[Black "Prydun, Andriy"]
[WhiteFideId "22284567"]
[BlackFideId "14145898"]
[WhiteElo "2235"]
[BlackElo "2163"]
[Result "1-0"]
[Round "04"]
[TimeControl "180+1"]
[Date "2022.10.12"]
[WhiteClock "0:00:32"]
[BlackClock "0:00:03"]

1. d4 Nf6 2. c4 e6 3. Nc3 a6 4. Nf3 b5 5. cxb5 axb5 6. Nxb5 Bb7 7. Nc3 Nc6 8. e3 Nb4 9. Be2 g5 10. O-O h5 11. Nxg5 h4 12. Bf3 Ba6 13. Be2 Bb7 14. h3 c5 15. a3 Rg8 16. f4 cxd4 17. exd4 Nbd5 18. Bf3 Bd6 19. Nxd5 Nxd5 20. Bh5 Rg7 21. Nxf7 Rxf7 22. f5 e5 23. Bxf7+ Kxf7 24. Qh5+ Kf8 25. Bh6+ Ke7 26. f6+ Ke6 27. Qg4+ Kf7 28. Qg7+ Ke6 29. Rae1 Qb6 30. Qg4+ Kf7 31. Qxd7+ Kg8 32. Qg7# 1-0


[Site "https://www.chess.com"]

[Event "Titled Tuesday Blitz October 11 Late 2022"]
[White "Meduri, Aakaash"]
[Black "Potula, Kapish"]
[WhiteFideId "2032252"]
[BlackFideId "30903270"]
[WhiteElo "2113"]
[BlackElo "1963"]
[Result "1-0"]
[Round "04"]
[TimeControl "180+1"]
[Date "2022.10.12"]
[WhiteClock "0:02:01"]
[BlackClock "0:00:09"]

1. b4 e5 2. Bb2 e4 3. a3 Nf6 4. c4 d5 5. cxd5 Nxd5 6. e3 Be6 7. Ne2 a5 8. b5 c5 9. Nbc3 Nxc3 10. Nxc3 f5 11. d3 exd3 12. Bxd3 c4 13. Be2 Qxd1+ 14. Rxd1 Be7 15. Nd5 Bxd5 16. Rxd5 O-O 17. Bxc4 Kh8 18. O-O b6 19. Rfd1 Ra7 20. a4 Rc7 21. Bb3 Kg8 22. Rxf5+ 1-0


[Site "https://www.chess.com"]